 Dungeon Crawl Stone Soup version 0.30-a0-639-g3916f1956a (webtiles) character file.

Game seed: 9331723243545285045

49 Sabo the Firebug (level 3, 0/24 HPs)
             Began as a Demonspawn Fire Elementalist on Jan 14, 2023.
             Slain by Sigmund
             ... wielding a +0 scythe
              (1 damage)
             ... on level 2 of the Dungeon on Jan 15, 2023.
             The game lasted 00:09:25 (1664 turns).

Sabo the Firebug (Demonspawn Fire Elementalist)     Turns: 1664, Time: 00:09:25

Health: 0/24       AC:  5    Str:  8    XL:     3   Next: 51%
Magic:  1/6        EV: 12    Int: 18    God:
Gold:   69         SH:  0    Dex: 13    Spells: 5/6 levels left

rFire   . . .      SeeInvis .    m - +0 long sword
rCold   . . .      Faith    .    (no shield)
rNeg    . . .      Spirit   .    a - +0 robe
rPois   .          Reflect  .    f - +1 helmet
rElec   .          Harm     .    (no cloak)
rCorr   .          Rampage  .    c - +0 pair of gloves
Will    .....                    (no boots)
Stlth   ++                       (no amulet)
HPRegen 0.24/turn                (no ring)
MPRegen 0.10/turn                (no ring)

@: no status effects
A: hooves 1
a: no special abilities


You were on level 2 of the Dungeon.
You visited 1 branch of the dungeon, and saw 2 of its levels.

You collected 69 gold pieces.

Inventory:

Hand Weapons
 m - a +0 long sword (weapon)
 n - a +0 sling
Armour
 a - a +0 robe (worn)
 c - a +0 pair of gloves (worn)
 f - a +1 helmet (worn)
Scrolls
 g - 2 scrolls of teleportation
 j - 2 scrolls of fear
 l - a scroll of noise {unknown}
Potions
 b - a potion of magic
 d - a potion of flight {unknown}
 e - 2 potions of heal wounds {unknown}
 h - 2 potions of attraction {unknown}
 i - a potion of brilliance {unknown}
 k - a potion of might {unknown}
 o - a potion of ambrosia {unknown}


   Skills:
 + Level 2.1 Dodging
 + Level 2.0 Stealth
 + Level 2.3 Spellcasting
 + Level 1.1 Conjurations
 + Level 3.5 Fire Magic


You had 5 spell levels left.
You knew the following spells:

 Your Spells              Type           Power      Damage    Failure   Level
a - Foxfire               Conj/Fire      40%        2x1d6     7%          1

Your spell library contained the following spells:

 Spells                   Type           Power      Damage    Failure   Level
 Scorch                   Fire           28%        2d6       6%          2
 Inner Flame              Hex/Fire       8%         N/A       26%         3
 Kindle Blastsparks       Fire/Tloc/Air  12%        2d11      32%         3
 Flame Wave               Conj/Fire      10%        2d6       56%         4


Dungeon Overview and Level Annotations

Branches:
Dungeon (2/15)

Altars:

Annotations:
D:2 Sigmund


Innate Abilities, Weirdness & Mutations

You have large cloven feet.


Message History

Confirm with . or Enter, or press ? or * to list all spells.
You miscast Foxfire.
You are very lightly contaminated with residual magic.
Nothing appears to happen.
Casting: Foxfire (safe; 7% risk of failure)
Confirm with . or Enter, or press ? or * to list all spells.
You conjure some foxfire!
The foxfire hits something. x2
Something barely misses you.
Casting: Foxfire (safe; 7% risk of failure)
Confirm with . or Enter, or press ? or * to list all spells.
You miscast Foxfire.
Nothing appears to happen.
Something hits you.
Casting: Foxfire (safe; 7% risk of failure)
Confirm with . or Enter, or press ? or * to list all spells.
You conjure some foxfire!
The foxfire hits something but does no damage.
The foxfire hits something.
Casting: Foxfire (safe; 7% risk of failure)
Confirm with . or Enter, or press ? or * to list all spells.
You conjure some foxfire!
Something hits you.
The foxfire hits something. x2; Something hits you but does no damage.
Your magical contamination has completely faded away.
Something hits you!
Casting: Foxfire (safe; 7% risk of failure)
Confirm with . or Enter, or press ? or * to list all spells.
You conjure some foxfire!
Something hits you.
* * * LOW HITPOINT WARNING * * *
Your foxfire dissipates!
The foxfire hits something but does no damage.
You hear some strange, mumbled words.
Something tries to affect you, but you resist.
Something hits you.
* * * LOW HITPOINT WARNING * * *
You slash something!
You hear some strange, mumbled words.
A puff of flame appears from out of thin air!
The puff of flame hits you.
* * * LOW HITPOINT WARNING * * *
You closely miss something. Something hits you.
You die...

####### #.....# #.....#
#..@..# #..{..# #.....#
#.....##############
#.....##............
..####.....##............
...................>.....
..........)##............
#..........##............


There were no monsters in sight!

Vanquished Creatures
  Natasha (D:2)
  A worm (D:2)
  2 dart slugs
  A ball python (D:1)
  A bat (D:2)
  An endoplasm (D:1)
  A giant cockroach (D:1)
  A hobgoblin (D:1)
  2 kobolds (D:1)
  2 quokkas (D:1)
  2 frilled lizards (D:1)
  2 rats (D:1)
17 creatures vanquished.

Vanquished Creatures (others)
  50 foxfires
50 creatures vanquished.

Grand Total: 67 creatures vanquished

Notes
Turn   | Place    | Note
-------+----------+-------------------------------------------
     0 | D:1      | Sabo the Demonspawn Fire Elementalist began the quest for
                  | the Orb.
     0 | D:1      | Reached XP level 1. HP: 13/13 MP: 3/3
   403 | D:1      | Gained mutation: You have large cloven feet. [demonic
                  | ancestry]
   403 | D:1      | Reached XP level 2. HP: 19/19 MP: 3/5
   560 | D:1      | Reached skill level 3 in Fire Magic
   846 | D:1      | Upgraded the game from 0.30-a0-634-g8abc85282e to
                  | 0.30-a0-639-g3916f1956a
  1463 | D:2      | Noticed Natasha
  1475 | D:2      | Killed Natasha
  1476 | D:2      | Reached XP level 3. HP: 16/24 MP: 1/6
  1639 | D:2      | Noticed Sigmund
  1663 | D:2      | HP: 1/24 [something/puff of flame (2)]
  1664 | D:2      | Slain by Sigmund

Illustrated notes

Levels and vault maps discovered:
D:1:      dpeg_arrival_three_smaller_balls, layout_loops_ring
D:2:      layout_basic, grunt_decor_resistance, nicolae_elevator_lobby_plus,
          uniq_sigmund, uniq_natasha

Skill      XL: |  1  2 |
---------------+-------+-----
Stealth        | 2 |  2.0
Dodging        | 2 |  2.1
Fire Magic     | 3 |  3.5
Spellcasting   | |  2.3
Conjurations   | |  1.1

Action                   || total
-------------------------++-------
Melee: Short sword       ||     6
       Long sword        ||    12
       Kick              ||     3
 Cast: Foxfire           ||    29
  Use: Scroll            ||     2
Armor: Robe              ||     3
Dodge: Dodged            ||    16

Table legend: (Time is in decaauts)
 A = Elapsed time spent in this place.
 B = Non-inter-level travel time spent in this place.
 C = Inter-level travel time spent in this place.
 D = Time resting spent in this place.
 E = Time spent auto-exploring this place.
 F = Levels seen in this place.
 G = Mean time per level.
                   A        B        C        D        E       F      G
               +--------+--------+--------+--------+--------+-----+--------+
         Total |   1667 |   1667 |      0 |    235 |      0 |   2 |  833.5 |
       Dungeon |   1667 |   1667 |      0 |    235 |      0 |   2 |  833.5 |
               +--------+--------+--------+--------+--------+-----+--------+

Top non-repeatable levels by time:
     D:1: 1265 daAuts
     D:2: 401 daAuts
